 Dungeon Crawl Stone Soup version 0.19-a0-878-gfe7e43f (webtiles) character file.

221 HungLikeaParliment the Caller (level 5, -7/28 HPs)
             Began as a Deep Elf Summoner on July 3, 2016.
             Killed from afar by Dowan (15 damage)
             ... with a wand of flame
             ... on level 4 of the Dungeon.
             The game lasted 00:12:24 (3669 turns).

HungLikeaParliment the Caller (Deep Elf Summoner)   Turns: 3669, Time: 00:12:25

Health: -7/28      AC:  3    Str:  5    XL:     5   Next: 65%
Magic:  2/13       EV: 13    Int: 21    God:
Gold:   132        SH:  0    Dex: 15    Spells: 4 memorised, 2 levels left

rFire  x . .     SeeInvis .     h - +1 whip (freeze)
rCold  + . .     Gourm    .     a - +0 robe
rNeg   . . .     Faith    .     (no shield)
rPois  .         Spirit   .     (no helmet)
rElec  .         Dismiss  .     (no cloak)
rCorr  .         Reflect  .     i - +0 pair of gloves
SustAt .         Harm     .     (no boots)
MR     .....                    (no amulet)
Stlth  ++........               (no ring)
                                r - ring of ice

@: not resistant to hostile enchantments, unstealthy
A: no striking features
a: no special abilities


You were on level 4 of the Dungeon.
You were not hungry.

You visited 1 branch of the dungeon, and saw 4 of its levels.

You collected 132 gold pieces.

Inventory:

Hand Weapons
 d - a +0 dagger
 h - a +1 whip of freezing (weapon)
 s - a +0 spear
 u - a +1 flail of protection
Armour
 a - a +0 robe (worn)
 i - a +0 pair of gloves (worn)
Jewellery
 r - a ring of ice (left hand)
 t - an uncursed amulet of guardian spirit
Wands
 p - a wand of hasting (5/9)
Scrolls
 e - a scroll of enchant weapon {unknown}
 l - a scroll of remove curse
 o - 3 scrolls of teleportation
Potions
 m - a potion of lignification {unknown}
 n - 2 potions of mutation {unknown}
 q - a potion of heal wounds {unknown}
Books
 b - a book of Callings

   Spells                             Type                      Level
   a - Summon Small Mammal            Summoning                    1
   b - Call Imp                       Summoning                    2
   c - Call Canine Familiar           Summoning                    3
   d - Summon Guardian Golem          Hexes/Summoning              3
   e - Summon Lightning Spire         Summoning/Air                4
   f - Summon Ice Beast               Ice/Summoning                4
Comestibles
 c - 3 bread rations
 f - a meat ration
 g - 5 fruits


   Skills:
 + Level 0.8 Fighting
 - Level 3.2 Dodging
 - Level 2.4 Stealth
 + Level 4.4 Spellcasting
 + Level 6.2 Summonings
 + Level 2.0 Ice Magic


You had 2 spell levels left.
You knew the following spells:

 Your Spells              Type           Power        Failure   Level  Hunger
a - Call Canine Familiar  Summ           ####....     2%          3    ##.....
b - Call Imp              Summ           ####....     1%          2    #......
c - Summon Small Mammal   Summ           ####         1%          1    None
d - Summon Ice Beast      Ice/Summ       ####....     24%         4    ####...


Dungeon Overview and Level Annotations

Branches:
Dungeon (4/15)
 Temple: D:4-7

Altars:
Ashenzari
Fedhas
Nemelex Xobeh
Uskayaw

Annotations:
D:4 Dowan


Message History

The shard of ice misses you.
Your ice beast hits Dowan.
Your ice beast freezes Dowan!
You hit Dowan. You freeze Dowan.
Dowan is heavily wounded.
Dowan hits you with a dagger.
Your ice beast hits Dowan but does no damage.
You hit Dowan. You freeze Dowan.
Dowan is severely wounded.
Dowan zaps a wand.
The puff of flame hits you! The fire burns you terribly!
It is a wand of flame.
Dowan hits you but does no damage. The jackal misses you.
Your ice beast barely misses Dowan.
You hit Dowan but do no damage.
Dowan is severely wounded.
Dowan hits you with a dagger. The jackal bites you.
* * * LOW HITPOINT WARNING * * *
Your ice beast closely misses Dowan.
Unknown command.
Dowan zaps a wand.
The puff of flame hits you! The fire burns you terribly!
Ouch! That really hurt!
You die...

#. #### #. #. ..# #. #.
#.# #.# #. ###.###.# #.
#...h...## #. #.###.#..#
#.###### #. #......@e#
#.##...#####.
#####.#.Y###....#.......
#...†...#..###......
###.#.).#......#####
#.#.........##
#.#.###.#...# ..#.#
#.##### ###.# #># #.#
#.#


You could see Dowan, a jackal and a friendly ice beast.

Vanquished Creatures
  A worker ant (D:4)
  An adder (D:4)
  2 worms
  2 dart slugs
  3 giant geckos
  An orc (D:3)
  A ball python (D:1)
  5 bats
  4 giant cockroaches
  7 goblins
  A hobgoblin (D:1)
  4 jackals
  A kobold (D:2)
  2 quokkas
  2 giant newts (D:1)
  A rat (D:3)
38 creatures vanquished.

Vanquished Creatures (collateral kills)
  Duvessa (D:4)
  A jelly (D:3)
  3 worker ants (D:4)
  3 adders
  2 oozes
  A dart slug (D:2)
  A giant gecko (D:1)
  4 goblins
  4 hobgoblins
  5 jackals
  5 kobolds
  2 bats
32 creatures vanquished.

Grand Total: 70 creatures vanquished

Notes
Turn   | Place    | Note
-------+----------+-------------------------------------------
     0 | D:1      | HungLikeaParliment the Deep Elf Summoner began the quest for the Orb.
     0 | D:1      | Reached XP level 1. HP: 10/10 MP: 6/6
   675 | D:1      | Reached XP level 2. HP: 12/15 MP: 6/8
   732 | D:1      | Learned a level 2 spell: Call Imp
  1011 | D:1      | Reached skill level 5 in Summonings
  1524 | D:2      | Found a blossoming altar of Fedhas.
  1524 | D:2      | Found a sparkling altar of Nemelex Xobeh.
  1952 | D:2      | Reached XP level 3. HP: 11/19 MP: 6/9
  2106 | D:2      | Learned a level 3 spell: Call Canine Familiar
  2420 | D:2      | Found a faded altar of an unknown god.
  2464 | D:2      | Found a shattered altar of Ashenzari.
  2742 | D:3      | Reached XP level 4. HP: 24/24 MP: 11/11
  3027 | D:3      | Found a hide-covered altar of Uskayaw.
  3102 | D:3      | Learned a level 4 spell: Summon Ice Beast
  3342 | D:4      | HP: 1/24 [poisoned by a worker ant]
  3350 | D:4      | Reached skill level 6 in Summonings
  3542 | D:4      | Reached skill level 1 in Ice Magic
  3544 | D:4      | Reached XP level 5. HP: 28/28 MP: 5/13
  3652 | D:4      | Noticed Duvessa
  3657 | D:4      | Killed Duvessa
  3658 | D:4      | Noticed Dowan
  3669 | D:4      | Killed from afar by Dowan

Vault maps used:
D:1:      mrwooster_arrival_statue
D:2:      ashenzari_conservatory_becter, grunt_temple_overflow_open,
          ecumenical_altar_1, nicolae_ru_great_annihilating_truth
D:3:      lemuel_crystal_altar, st_stairs_11, nicolae_underground_beach
D:4:      first_bread, uniq_duvessa

Skill      XL: |  1  2  3  4  5 |
---------------+----------------+-----
Summonings     | 5 6 |  6.2
Dodging        | 3 |  3.2
Ice Magic      | 1 2 |  2.0
Spellcasting   | 4 |  4.4
Fighting       | |  0.8
Stealth        | |  2.4

Action                   |  1- 3 |  4- 6 || total
-------------------------+-------+-------++-------
Melee: Unarmed           |    29 |       ||    29
       Dagger            |     9 |       ||     9
       Whip              |    91 |    48 ||   139
 Cast: Summon Small Mamm |    15 |       ||    15
       Call Imp          |    10 |     5 ||    15
       Call Canine Famil |     3 |     5 ||     8
       Summon Ice Beast  |       |     1 ||     1
  Use: Scroll            |     5 |     3 ||     8
       Potion            |       |     2 ||     2
 Stab: Sleeping          |     4 |     2 ||     6
  Eat: Chunk             |     6 |     4 ||    10
Armor: Robe              |    20 |    12 ||    32
Dodge: Dodged            |   110 |    42 ||   152
